 Dungeon Crawl Stone Soup version 0.22.1-2-g9c5b331383 (webtiles) character file.

75 JOKERXD40 the Magician (level 4, 0/27 HPs)
             Began as an Octopode Wizard on Nov 22, 2018.
             Succumbed to a scorpion's poison
             ... on level 2 of the Dungeon.
             The game lasted 00:06:33 (2547 turns).

JOKERXD40 the Magician (Octopode Wizard)            Turns: 2547, Time: 00:06:33

Health: 0/27       AC:  1    Str: 11    XL:     4   Next: 31%
Magic:  9/9        EV: 14    Int: 20    God:
Gold:   98         SH:  0    Dex: 11    Spells: 9/10 levels left

rFire    . . .     SeeInvis .   l - +0 hand axe
rCold    . . .     Gourm    .   (no shield)
rNeg     . . .     Faith    .   a - +0 hat
rPois    .         Spirit   .   (no amulet)
rElec    .         Reflect  .   (no ring)
rCorr    .         Harm     .   (no ring)
MR       .....                  (no ring)
Stlth    +++.......             (no ring)
HPRegen  0.09/turn              (no ring)
MPRegen  0.11/turn              (no ring)
                                (no ring)
                                (no ring)

@: mighty, lethally poisoned (0 -> -13), very slightly contaminated, hasted,
very quick
A: almost no armour, stealthy swim, amphibious, 8 rings, constrict 8, antennae
1, camouflage 1, gelatinous body 1, subdued magic 1
a: no special abilities


You were on level 2 of the Dungeon.
You were not hungry.

You visited 1 branch of the dungeon, and saw 3 of its levels.

You collected 98 gold pieces.

Inventory:

Hand Weapons
 i - a +2 mace of holy wrath
 l - a +0 hand axe (weapon)
Missiles
 g - 40 stones (quivered)
Armour
 a - a +0 hat (worn)
Jewellery
 n - a cursed -5 ring of intelligence {unknown}
 p - an uncursed ring of protection from cold {unknown}
Scrolls
 h - a scroll of teleportation {unknown}
 j - a scroll of fear {unknown}
 m - a scroll of remove curse {unknown}
 r - a scroll of magic mapping {unknown}
 t - a scroll of enchant armour {unknown}
Potions
 b - a potion of curing {unknown}
 e - a potion of haste
 o - a potion of cancellation {unknown}
 q - a potion of ambrosia {unknown}
 s - a potion of resistance {unknown}
Comestibles
 c - 2 rations


   Skills:
 + Level 3.1 Dodging
 - Level 2.6 Stealth
 + Level 3.7 Spellcasting
 - Level 2.0 Conjurations
   Level 1.0 Summonings
   Level 1.0 Translocations


You had 9 spell levels left.
You knew the following spells:

 Your Spells              Type           Power        Failure   Level  Hunger
a - Magic Dart            Conj           #...         4%          1    None

Your spell library contained the following spells:

 Spells                   Type           Power        Failure   Level  Hunger
 Blink                    Tloc           N/A          11%         2    ##.....
 Call Imp                 Summ           #.......     11%         2    ##.....
 Slow                     Hex            #.......     17%         2    ##.....
 Conjure Flame            Conj/Fire      #.......     22%         3    ###....
 Mephitic Cloud           Conj/Pois/Air  #.......     26%         3    ###....


Dungeon Overview and Level Annotations

Branches:
Dungeon (3/15)

Altars:
Okawaru


Innate Abilities, Weirdness & Mutations

You cannot wear most types of armour.
You are very stealthy in the water. (Stealth+)
You are amphibious.
You can wear up to eight rings at the same time.
You can use your tentacles to constrict eight enemies at once.
Your skin changes colour to match your surroundings (Stealth+).
Your rubbery body absorbs attacks. (AC +1, EV +1)
You have a pair of small antennae on your head.
Your spells are a little easier to cast, but a little less powerful.


Message History

The magic dart hits the scorpion.
The scorpion is lightly wounded.
You feel sick. The scorpion stings you.
* * * LOW HITPOINT WARNING * * *
Okay, then.
It was a potion of haste.
You feel yourself speed up.
* * * LOW HITPOINT WARNING * * *
You feel sick. The scorpion misses you.
Okay, then.
Okay, then.
It was a potion of magic.
Magic courses through your body.
* * * LOW HITPOINT WARNING * * *
You feel sick.
Unknown command.
It was a potion of mutation.
You feel extremely strange.
Your connection to magic feels subdued.
A pair of antennae grows on your head! The scorpion barely misses you.
It was a potion of might.
You feel very mighty all of a sudden.
You die...

#### ...# ############# ##.#
#...........#
#.#################.#########.#
#..................†# #.#
############........## #.##
#.........##.######.##########...
#.#######.##.#..@)....#.........#
#.# #......s###.#.#.#####...# #.#
#..#.#.#.##)....#####...#
#.#######...##.##...............#
#.....##...#.#.#.##.....#####....
##..............###.#.#.# ##.##
#.##.##...#.#.#.)†.....# #.##
#.##.###.##.#........########.##
#.##.# #.##.###.................


You could see a scorpion.

Vanquished Creatures
  3 adders
  A worm (D:2)
  A dart slug (D:1)
  2 orcs
  4 bats
  A giant cockroach (D:2)
  8 goblins
  3 hobgoblins
  4 jackals (D:1)
  5 kobolds
  4 frilled lizards
  3 rats
39 creatures vanquished.

Notes
Turn   | Place    | Note
-------+----------+-------------------------------------------
     0 | D:1      | JOKERXD40 the Octopode Wizard began the quest for the Orb.
     0 | D:1      | Reached XP level 1. HP: 11/11 MP: 4/4
   341 | D:1      | Reached XP level 2. HP: 4/17 MP: 1/6
  1360 | D:2      | Found a faded altar of an unknown god.
  1465 | D:2      | Reached XP level 3. HP: 21/21 MP: 5/7
  2348 | D:3      | Found an iron altar of Okawaru.
  2354 | D:3      | Reached XP level 4. HP: 27/27 MP: 3/9
  2545 | D:2      | HP: 1/27 [poisoned by a scorpion]
  2546 | D:2      | Gained mutation: Your spells are a little easier to cast,
                  | but a little less powerful. [potion of mutation]
  2546 | D:2      | Gained mutation: You have a pair of small antennae on your
                  | head. [potion of mutation]
  2547 | D:2      | Succumbed to a scorpion's poison

Skill      XL: |  1  2  3 |
---------------+----------+-----
Conjurations   | 2 |  2.0
Dodging        | 3 |  3.1
Stealth        | |  2.6
Spellcasting   | |  3.7
Summonings     | |  1.0
Translocations | |  1.0

Action                   |  1- 3 |  4- 6 || total
-------------------------+-------+-------++-------
Melee: Unarmed           |    19 |       ||    19
       Constrict         |     5 |     1 ||     6
       Tentacles         |     4 |       ||     4
       Hand axe          |     6 |     5 ||    11
Throw: Stone             |     5 |     1 ||     6
 Cast: Magic Dart        |    81 |    16 ||    97
  Use: Potion            |       |     4 ||     4
  Eat: Ration            |     1 |     1 ||     2
Armor: Skin              |     2 |     2 ||     4
Dodge: Dodged            |    24 |    14 ||    38
